[Event "WYCC 2018 O18"]
[Site "Halkidiki"]
[Date "2018.10.28"]
[Round "9"]
[White "Miciano, John Marvin"]
[Black "Gholami, Aryan"]
[Result "0-1"]
[ECO "C00"]
[WhiteElo "2361"]
[BlackElo "2493"]
[Annotator "ChessBase"]
[PlyCount "128"]
[EventDate "2018.10.20"]
[EventType "swiss"]
[EventCountry "GRE"]
[SourceTitle "playchess.com"]
[Source "ChessBase"]
[SourceQuality "1"]
[TimeControl "40/5400+30:1800+30"]

1. e4 e6 2. Qe2 c5 3. g3 Nc6 4. Bg2 g6 5. Nf3 Bg7 6. O-O Nge7 7. c3 d6 8. d3 O-O 9. Nbd2 e5 10. Nh4 g5 11. Nhf3 h6 12. Nc4 Be6 13. Bxg5 hxg5 14. Nxg5 Bh6 15. Nxe6 fxe6 16. Qg4+ Kh7 17. Qxe6 Kg7 18. Qg4+ Ng6 19. h4 Kh7 20. h5 Nge7 21. a4 Rf6 22. Bh3 Qe8 23. Ne3 Qf7 24. Qe2 Bxe3 25. fxe3 Rg8 26. Rxf6 Qxf6 27. Kh2 Qg7 28. Rg1 Nd8 29. Bd7 Nf7 30. Qf3 Ng5 31. Qe2 Rf8 32. Rf1 Rxf1 33. Qxf1 Qf7 34. Qxf7+ Nxf7 35. Kh3 Kh6 36. Kg4 Ng5 37. c4 b6 38. Be8 Nh7 39. Kh4 Nf6 40. Bf7 Nc6 41. Bg6 Nb4 42. g4 Kg7 43. g5 Ng8 44. Be8 Nxd3 45. Kg4 Nxb2 46. Bb5 Ne7 47. h6+ Kh7 48. Kh5 a5 49. Kg4 Nd1 50. Kf3 Ng6 51. Be8 Nf8 52. Bf7 Nb2 53. Ke2 Nxa4 54. Kd2 Nb2 55. Kc2 Nxc4 56. Bxc4 Kg6 57. Kb3 Kxg5 58. Ka4 Kxh6 59. Kb5 Nd7 60. Kc6 Nf6 61. Kxd6 Ng4 62. Bb5 Kg5 63. Kc6 Nxe3 64. Kxb6 c4 0-1

[Event "WYCC 2018 O18"]
[Site "Halkidiki"]
[Date "2018.10.28"]
[Round "9"]
[White "Mitrabha, Guha"]
[Black "Olimjonov, Sarvarbek"]
[Result "1-0"]
[ECO "A41"]
[WhiteElo "2352"]
[BlackElo "2074"]
[Annotator "NA"]
[PlyCount "107"]
[EventDate "2018.10.20"]
[EventType "swiss"]
[EventCountry "GRE"]
[SourceTitle "playchess.com"]
[Source "ChessBase"]
[SourceQuality "1"]
[TimeControl "40/5400+30:1800+30"]

1. Nf3 d6 2. d4 Bg4 3. c4 Bxf3 4. exf3 e6 5. Nc3 d5 6. cxd5 exd5 7. Qb3 Qe7+ 8. Be3 c6 9. O-O-O Qb4 10. Qc2 Nd7 11. a3 Qa5 12. Bf4 Be7 13. Bd3 a6 14. Kb1 g6 15. Rde1 O-O-O 16. Na4 Nb6 17. Nc5 Bxc5 18. Bd2 Qa4 19. Qxc5 Nc4 20. Bxc4 Qxc4 21. Qa7 Qd3+ 22. Kc1 Qc4+ 23. Bc3 Kc7 24. Re3 Nf6 25. b3 Qb5 26. Bd2 g5 27. a4 Qb6 28. Re7+ Rd7 29. Qxb6+ Kxb6 30. Rhe1 h6 31. Rxd7 Nxd7 32. Re7 Kc7 33. Rxf7 Re8 34. Kd1 b6 35. Rh7 Re6 36. a5 b5 37. Bb4 Kc8 38. h3 Kc7 39. Kd2 Kc8 40. Kd3 Kd8 41. Bd2 c5 42. dxc5 Nxc5+ 43. Kd4 Nxb3+ 44. Kxd5 Rg6 45. Rxh6 Rxh6 46. Bxg5+ Kd7 47. Bxh6 Nxa5 48. h4 Nb3 49. h5 a5 50. Bf4 Ke7 51. g4 a4 52. g5 Kf7 53. Be5 Kg8 54. g6 1-0

[Event "WYCC 2018 O18"]
[Site "Halkidiki"]
[Date "2018.10.28"]
[Round "9"]
[White "Ranaldi, Lucas"]
[Black "Liang, Albert"]
[Result "1-0"]
[ECO "A20"]
[WhiteElo "2335"]
[BlackElo "2042"]
[Annotator "NA"]
[PlyCount "55"]
[EventDate "2018.10.20"]
[EventType "swiss"]
[EventCountry "GRE"]
[SourceTitle "playchess.com"]
[Source "ChessBase"]
[SourceQuality "1"]
[TimeControl "40/5400+30:1800+30"]

1. c4 e5 2. g3 Nf6 3. Bg2 Nc6 4. Nc3 Bc5 5. a3 a6 6. e3 Ba7 7. Nge2 O-O 8. d4 d6 9. h3 Ne7 10. O-O c6 11. b3 Re8 12. e4 h6 13. Kh2 Bd7 14. f4 exd4 15. Nxd4 Ng6 16. Qd3 Qc7 17. Bb2 Rad8 18. Rad1 b5 19. cxb5 axb5 20. b4 Be6 21. Nxe6 fxe6 22. e5 Nxf4 23. exd6 Nxd3 24. dxc7 Rd4 25. Nxb5 Nxb2 26. Nxd4 Nxd1 27. Nxc6 Ne3 28. Nxa7 1-0

[Event "WYCC 2018 O18"]
[Site "Halkidiki"]
[Date "2018.10.28"]
[Round "9"]
[White "Roshka, Yevgeniy"]
[Black "Lindbol, Aleksander"]
[Result "1-0"]
[ECO "B12"]
[WhiteElo "2328"]
[BlackElo "2166"]
[Annotator "NA"]
[PlyCount "143"]
[EventDate "2018.10.20"]
[EventType "swiss"]
[EventCountry "GRE"]
[SourceTitle "playchess.com"]
[Source "ChessBase"]
[SourceQuality "1"]
[TimeControl "40/5400+30:1800+30"]

1. e4 c6 2. d4 d5 3. e5 Bf5 4. h4 h5 5. Bd3 Bxd3 6. Qxd3 e6 7. Bg5 Qb6 8. Nd2 Nd7 9. Ne2 Ne7 10. c4 f6 11. exf6 gxf6 12. Be3 O-O-O 13. Nf4 e5 14. dxe5 Nxe5 15. Bxb6 Nxd3+ 16. Nxd3 axb6 $17 17. O-O-O Bh6 18. cxd5 Rxd5 19. Kc2 Bxd2 20. Rxd2 Rhd8 21. Rhd1 Nf5 22. Nf4 Rc5+ 23. Kb1 Rxd2 24. Rxd2 Re5 25. g3 c5 26. Re2 Ng7 27. Rxe5 fxe5 28. Ng6 e4 29. Ne7+ Kd7 30. Nd5 Ke6 31. Nxb6 Nf5 32. Nc4 b5 33. Na3 e3 34. fxe3 b4 35. Nc2 Nxg3 36. Ne1 Nf5 37. Ng2 Ke5 38. a4 bxa3 39. bxa3 Ke4 40. a4 Nxe3 41. Nxe3 Kxe3 42. a5 Kd2 43. a6 c4 44. a7 c3 45. a8=Q c2+ 46. Ka2 c1=Q 47. Qd5+ Kc3 48. Qc5+ Kd2 49. Qxh5 Qc4+ 50. Ka3 Ke1 51. Qe5+ Kf2 52. h5 Kg1 53. Qg5+ Kh1 54. h6 Qc3+ 55. Ka4 Qc4+ 56. Ka5 Qc7+ 57. Kb5 Qb7+ 58. Kc4 Qc7+ 59. Kd3 Qd6+ 60. Ke2 Qa6+ 61. Kf2 Qa2+ 62. Kf3 Qb3+ 63. Qe3 Qf7+ 64. Ke2 Qa2+ 65. Ke1 Qb1+ 66. Kd2 Qb2+ 67. Kd1 Qb1+ 68. Qc1 Qe4 69. Kd2+ Kg2 70. Qc2 Qd4+ 71. Kc1+ Kh3 72. h7 1-0

[Event "WYCC 2018 O18"]
[Site "Halkidiki"]
[Date "2018.10.28"]
[Round "9"]
[White "Szabo, Marton Mihaly"]
[Black "Gonzalez Carrillo, Javier Omar"]
[Result "1/2-1/2"]
[ECO "B20"]
[WhiteElo "2307"]
[BlackElo "2031"]
[Annotator "NA"]
[PlyCount "80"]
[EventDate "2018.10.20"]
[EventType "swiss"]
[EventCountry "GRE"]
[SourceTitle "playchess.com"]
[Source "ChessBase"]
[SourceQuality "1"]
[TimeControl "40/5400+30:1800+30"]

1. e4 c5 2. c4 Nc6 3. Nc3 g6 4. g3 Bg7 5. Bg2 e6 6. Nge2 Nge7 7. O-O O-O 8. d3 d6 9. Rb1 Qd7 10. a3 b6 11. Be3 Bb7 12. b4 Nd4 13. Qd2 f5 14. f4 e5 15. h3 Rae8 16. Kh2 fxe4 17. dxe4 Nec6 18. Nd5 Nxe2 19. Qxe2 Nd4 20. Bxd4 cxd4 21. fxe5 Bxd5 22. cxd5 Bxe5 23. Rbc1 h5 24. h4 Qe7 25. Kh3 Rc8 26. Rxf8+ Qxf8 27. Rf1 Qe7 28. Qb5 Rc3 29. Rf3 Kg7 30. a4 Kh6 31. Qf1 Qd7+ 32. Kh2 Qg4 33. Rxc3 dxc3 34. Qf8+ Bg7 35. Qf1 Qc8 36. Bh3 Qc7 37. Qc1+ Kh7 38. Bf1 Be5 39. Bd3 Qf7 40. Kg2 Qf6 1/2-1/2

[Event "WYCC 2018 O18"]
[Site "Halkidiki"]
[Date "2018.10.28"]
[Round "9"]
[White "Risting, Eivind Olav"]
[Black "Bronstein, Or"]
[Result "1/2-1/2"]
[ECO "D85"]
[WhiteElo "2299"]
[BlackElo "2385"]
[Annotator "NA"]
[PlyCount "103"]
[EventDate "2018.10.20"]
[EventType "swiss"]
[EventCountry "GRE"]
[SourceTitle "playchess.com"]
[Source "ChessBase"]
[SourceQuality "1"]
[TimeControl "40/5400+30:1800+30"]

1. d4 Nf6 2. c4 g6 3. Nc3 d5 4. cxd5 Nxd5 5. e4 Nxc3 6. bxc3 Bg7 7. Bg5 c5 8. Rc1 O-O 9. Nf3 b6 10. Be2 Qd7 11. O-O Ba6 $14 12. d5 Bxe2 13. Qxe2 e6 14. c4 Re8 15. Qd2 exd5 16. exd5 Qf5 17. Rfe1 Nd7 18. Qf4 Qxf4 19. Bxf4 Bb2 20. Rc2 Rxe1+ 21. Nxe1 Re8 22. Kf1 Bd4 23. Re2 Rxe2 24. Kxe2 Be5 25. Kf3 Kf8 26. Nd3 Bxf4 27. Kxf4 f6 28. g4 Ke7 29. g5 a6 30. a4 Kd6 31. gxf6 Nxf6 32. Kg5 Ng8 33. f4 Ne7 34. Kh6 b5 35. axb5 axb5 36. cxb5 c4 37. b6 Nxd5 38. b7 Kc7 39. Nc1 Nxf4 40. Kxh7 Kxb7 41. Kh6 Kc6 42. Kg5 Nd3 43. Ne2 Ne5 44. Kf6 Kd5 45. Nc3+ Kd4 46. Nb5+ Kc5 47. Na3 Ng4+ 48. Kg5 Ne5 49. Nxc4 Kxc4 50. h4 Kd5 51. h5 gxh5 52. Kxh5 1/2-1/2

[Event "WYCC 2018 O18"]
[Site "Halkidiki"]
[Date "2018.10.28"]
[Round "9"]
[White "Kandil, Adham"]
[Black "Dallemagne, Maximilien"]
[Result "1-0"]
[ECO "C18"]
[WhiteElo "2292"]
[BlackElo "2094"]
[Annotator "NA"]
[PlyCount "101"]
[EventDate "2018.10.20"]
[EventType "swiss"]
[EventCountry "GRE"]
[SourceTitle "playchess.com"]
[Source "ChessBase"]
[SourceQuality "1"]
[TimeControl "40/5400+30:1800+30"]

1. e4 {[%emt 0:01:46] Kritz,L} e6 2. d4 d5 3. Nc3 Bb4 4. e5 c5 5. a3 Bxc3+ 6. bxc3 Qa5 7. Bd2 Qa4 8. Qg4 Kf8 9. Qd1 {[%emt 0:00:08] C18: French: 3 Nc3 Bb4: Main line: 7 h4 and 7 Qg4} Nc6 10. Nf3 Nge7 11. Qb1 c4 12. Qc1 $146 ({Predecessor:} 12. g3 h6 13. Nh4 Ke8 14. Bh3 Rg8 15. Qd1 Ng6 16. Ng2 Nce7 {½-½ (43) Nisipeanu,L (2668)-Ivanchuk,V (2763) Bucharest 2012 CBM 152 [Kritz,L]}) 12... Bd7 13. h4 Ke8 14. h5 h6 15. g3 Kd8 16. Bh3 Kc7 17. Nh4 Rag8 18. Ng2 Qa5 19. Nf4 $11 Kb8 20. a4 Qd8 21. Be3 Nc8 22. Kd2 Qe7 23. Qb2 g5 24. hxg6 fxg6 25. Rhb1 Nd8 26. Qb4 Kc7 27. Bg2 Bc6 28. Re1 h5 29. Bh3 Bd7 30. Nxd5+ exd5 31. e6 Bc6 32. Bf4+ Nd6 33. Qa5+ Kb8 34. Qc5 Kc7 35. Qa5+ Kb8 36. Qb4 Kc7 37. Be5 g5 38. f4 g4 39. Qa5+ Kb8 40. Qc5 Kc7 41. f5 b6 42. Qb4 gxh3 43. a5 N8b7 44. axb6+ axb6 45. Ra6 b5 46. f6 Qh7 47. Ra7 Qh6+ 48. Ke2 Kc8 49. Ra8+ Kc7 50. Bxd6+ Nxd6 51. Qa5+ 1-0

[Event "WYCC 2018 O18"]
[Site "Halkidiki"]
[Date "2018.10.28"]
[Round "9"]
[White "Martinez Fernandez, Adrian"]
[Black "Talmaci, Alexandru"]
[Result "1-0"]
[ECO "C05"]
[WhiteElo "2277"]
[BlackElo "2009"]
[Annotator "NA"]
[PlyCount "67"]
[EventDate "2018.10.20"]
[EventType "swiss"]
[EventCountry "GRE"]
[SourceTitle "playchess.com"]
[Source "ChessBase"]
[SourceQuality "1"]
[TimeControl "40/5400+30:1800+30"]

1. e4 e6 2. d4 d5 3. Nd2 Nf6 4. e5 Nfd7 5. Bd3 c5 6. c3 Nc6 7. Ngf3 Qb6 8. O-O cxd4 9. cxd4 Nxd4 10. Nxd4 Qxd4 11. Nf3 Qb6 12. Qa4 Qb4 13. Qc2 Qc5 14. Qe2 $11 Be7 15. Be3 Qa5 16. a3 Qd8 17. Qc2 h6 18. Qa4 g5 19. Rac1 Kf8 20. Bd4 Kg7 21. Nd2 Nf8 22. f4 gxf4 23. Rxf4 Ng6 24. Rf2 Bd7 25. Qb3 b6 26. Rcf1 Be8 27. Qd1 Rc8 28. g3 Bc5 29. Bxc5 Rxc5 30. Bxg6 fxg6 31. Qg4 Qc8 32. Nb3 Rc4 33. Nd4 Kh7 34. Rf7+ 1-0

[Event "WYCC 2018 O18"]
[Site "Halkidiki"]
[Date "2018.10.28"]
[Round "9"]
[White "Tsomaia, Nikoloz"]
[Black "Stijve, Theo"]
[Result "1-0"]
[ECO "B30"]
[WhiteElo "2201"]
[BlackElo "2345"]
[Annotator "NA"]
[PlyCount "105"]
[EventDate "2018.10.20"]
[EventType "swiss"]
[EventCountry "GRE"]
[SourceTitle "playchess.com"]
[Source "ChessBase"]
[SourceQuality "1"]
[TimeControl "40/5400+30:1800+30"]

1. e4 c5 2. Nf3 Nc6 3. g3 d5 4. exd5 Qxd5 5. Nc3 Qh5 6. Bg2 Bh3 7. Bxh3 Qxh3 8. d3 Nf6 9. Be3 e6 10. Qe2 Be7 11. O-O-O O-O 12. Bg5 Rad8 $11 13. Kb1 Rfe8 14. Ne4 Qf5 15. Bxf6 Bxf6 16. g4 Qf4 17. Qe3 Qxe3 18. Nxf6+ gxf6 19. fxe3 Ne7 20. Nd2 Nd5 21. Ne4 Kg7 22. Rde1 b6 23. Rhf1 Rh8 24. Ng3 e5 25. Nh5+ Kg6 26. h4 Rd6 27. Re2 Rc8 28. e4 Nf4 29. Nxf4+ exf4 30. Ref2 c4 31. Rxf4 cxd3 32. cxd3 Rc7 33. R1f3 a5 34. Rf5 Kg7 35. a4 Kg6 36. Rb5 Rcd7 37. Kc2 Rc7+ 38. Kd2 Rc4 39. Rxb6 Rxb6 40. dxc4 Rxb2+ 41. Kc3 Rb4 42. Kd4 Rxa4 43. Rc3 Kg7 44. Kd5 Ra1 45. c5 a4 46. c6 a3 47. Kc5 a2 48. Rc2 Re1 49. Rxa2 Rxe4 50. c7 Re1 51. Rc2 Re8 52. Kd6 Kg6 53. Rc5 1-0

[Event "WYCC 2018 O18"]
[Site "Halkidiki"]
[Date "2018.10.28"]
[Round "9"]
[White "Goncalves, Davi Sulzbacher"]
[Black "Muha, Miljenko"]
[Result "1-0"]
[ECO "D30"]
[WhiteElo "2177"]
[BlackElo "2365"]
[Annotator "NA"]
[PlyCount "115"]
[EventDate "2018.10.20"]
[EventType "swiss"]
[EventCountry "GRE"]
[SourceTitle "playchess.com"]
[Source "ChessBase"]
[SourceQuality "1"]
[TimeControl "40/5400+30:1800+30"]

1. d4 d5 2. c4 e6 3. Nf3 a6 4. g3 dxc4 5. Bg2 b5 6. Ne5 c6 7. Nxc6 Qb6 8. Na5 Ra7 9. Bd2 c3 10. Bxc3 b4 11. Nc4 Qc7 12. Ne5 bxc3 13. Nxc3 Nf6 14. O-O Bd6 15. Rc1 O-O 16. Nb5 axb5 17. Rxc7 Rxc7 18. Nd3 Bb7 19. Bxb7 Rxb7 20. e4 Be7 21. d5 exd5 22. e5 Nfd7 23. Qf3 Nb6 24. Rc1 Re8 25. Nf4 Bg5 26. Qg4 Bxf4 27. gxf4 N8d7 28. h4 Nc8 29. h5 Ne7 30. Qg2 Nf8 31. h6 g6 32. Rd1 Ne6 33. Qg4 Rd8 34. b3 Nf5 35. Qf3 Rbd7 36. Kh2 d4 37. Qd3 Nxf4 38. Qxb5 d3 39. a4 d2 40. a5 Rd3 41. Qb6 Nh4 42. Kg1 Ne2+ 43. Kf1 Nc3 44. Qf6 Nf5 45. e6 Nxh6 46. e7 Re8 47. Qc6 Rxe7 48. Rxd2 Red7 49. Qxd7 Rxd7 50. Rxd7 Nf5 51. a6 Nb5 52. Rb7 Nfd6 53. Rb6 Kg7 54. Rxd6 Nxd6 55. a7 Ne4 56. a8=Q Nd2+ 57. Kg2 Nxb3 58. Qa3 1-0

[Event "WYCC 2018 O18"]
[Site "Halkidiki"]
[Date "2018.10.28"]
[Round "9"]
[White "Pedoson, Georg Aleksander"]
[Black "Szustakowski, Antoni"]
[Result "0-1"]
[ECO "A06"]
[WhiteElo "2162"]
[BlackElo "2319"]
[Annotator "NA"]
[PlyCount "88"]
[EventDate "2018.10.20"]
[EventType "swiss"]
[EventCountry "GRE"]
[SourceTitle "playchess.com"]
[Source "ChessBase"]
[SourceQuality "1"]
[TimeControl "40/5400+30:1800+30"]

1. c4 e6 2. Nf3 Nf6 3. b3 d5 4. Bb2 c5 5. e3 Nc6 6. cxd5 exd5 7. Bb5 Be7 8. O-O Qb6 9. Be2 Bg4 10. d3 O-O 11. Nbd2 Rfe8 12. Rc1 Rac8 13. a3 Qd8 14. Ne5 Bxe2 15. Qxe2 Bd6 16. Nxc6 Rxc6 17. Qd1 Qe7 18. Nf3 Rec8 19. Nh4 Be5 20. Nf5 Qe6 21. Bxe5 Qxf5 22. Bg3 Qd7 23. h3 Ra6 24. b4 Rxa3 25. bxc5 d4 26. e4 Rc3 27. Bd6 Ne8 28. e5 Nxd6 29. Rxc3 dxc3 30. cxd6 b5 31. Qb3 a5 32. d4 a4 33. Qb4 Rc4 34. Qa5 c2 35. Rc1 b4 36. Qa6 Rc8 37. d5 b3 38. Qb6 Qd8 39. Qb4 Rb8 40. Qxa4 b2 41. Qxc2 bxc1=Q+ 42. Qxc1 f6 43. f4 fxe5 44. fxe5 Qb6+ 0-1

[Event "WYCC 2018 O18"]
[Site "Halkidiki"]
[Date "2018.10.28"]
[Round "9"]
[White "Veleshnja, Zino"]
[Black "Manu David Suthandram R"]
[Result "1/2-1/2"]
[ECO "A45"]
[WhiteElo "2155"]
[BlackElo "1970"]
[Annotator "NA"]
[PlyCount "173"]
[EventDate "2018.10.20"]
[EventType "swiss"]
[EventCountry "GRE"]
[SourceTitle "playchess.com"]
[Source "ChessBase"]
[SourceQuality "1"]
[TimeControl "40/5400+30:1800+30"]

1. d4 Nf6 2. Bf4 e6 3. e3 d5 4. c3 Bd6 5. Bg3 O-O 6. Bd3 c5 7. Nf3 Nc6 8. Nbd2 Re8 9. Ne5 Bxe5 10. dxe5 Nd7 11. f4 c4 12. Bc2 Qb6 13. O-O Qxb2 14. Nf3 Nf8 15. Qd2 Qa3 16. Rab1 a6 17. e4 Ne7 18. Nd4 dxe4 19. Bxe4 Rb8 20. f5 Nxf5 21. Bxf5 exf5 22. e6 Bxe6 23. Bxb8 Rxb8 24. Nxf5 Bxf5 25. Rxf5 Ne6 26. Qd7 Rf8 27. Rbf1 Nd8 28. Qd2 b5 29. h3 Qe7 30. Kh1 Ne6 31. Qf2 h6 32. Qe2 Qd6 33. a4 Nc5 34. axb5 axb5 35. Qe3 Na4 36. Rxb5 Qd3 37. Qxd3 cxd3 38. Rd5 Nxc3 39. Rxd3 Ne4 40. Kg1 Nc5 41. Rd5 Ne4 42. Rd7 Nf6 43. Rb7 Kh7 44. Ra1 g6 45. g4 Kg7 46. Raa7 h5 47. g5 Ne4 48. h4 Nd6 49. Rb4 Nf5 50. Kh2 Rd8 51. Rbb7 Rf8 52. Kh3 Kg8 53. Rc7 Kg7 54. Rc6 Nd4 55. Rf6 Nf5 56. Ra4 Re8 57. Kg2 Re2+ 58. Kf3 Re3+ 59. Kf4 Re8 60. Kf3 Re3+ 61. Kf2 Re8 62. Ra7 Rf8 63. Ra4 Re8 64. Rf4 Re7 65. Kf3 Re3+ 66. Kf2 Re7 67. Rb4 Re8 68. Ra6 Kg8 69. Ra3 Kg7 70. Kf3 Kg8 71. Ra7 Re3+ 72. Kf4 Re8 73. Rbb7 Rf8 74. Ke5 Kg7 75. Ra4 Rd8 76. Rab4 Re8+ 77. Kd5 Rd8+ 78. Kc6 Rc8+ 79. Kd7 Rc3 80. Rc7 Rd3+ 81. Kc6 Rc3+ 82. Kb6 Rh3 83. Rcc4 Ne3 84. Rc5 Nf5 85. Rcc4 Ne3 86. Rc5 Nf5 87. Rcc4 1/2-1/2

[Event "WYCC 2018 O18"]
[Site "Halkidiki"]
[Date "2018.10.28"]
[Round "9"]
[White "Giesinger, Elias"]
[Black "Kouskoutis, Georgios-Alexandros"]
[Result "1/2-1/2"]
[ECO "A61"]
[WhiteElo "2131"]
[BlackElo "2296"]
[Annotator "NA"]
[PlyCount "160"]
[EventDate "2018.10.20"]
[EventType "swiss"]
[EventCountry "GRE"]
[SourceTitle "playchess.com"]
[Source "ChessBase"]
[SourceQuality "1"]
[TimeControl "40/5400+30:1800+30"]

1. d4 Nf6 2. Nf3 e6 3. c4 c5 4. d5 d6 5. Nc3 exd5 6. cxd5 g6 7. Bf4 a6 8. a4 Bg7 9. h3 O-O 10. e3 Re8 11. Nd2 Nbd7 12. Be2 Ne5 13. O-O {[%emt 0:00:44] LiveBook: 68 Games} Nfd7 14. Bh2 f5 15. e4 Nf6 $11 16. f4 Nf7 17. Bd3 Nxe4 18. Bxe4 fxe4 19. Ndxe4 Bf5 20. Ng3 Nh6 21. Kh1 Re3 22. Rf3 Qe7 23. Bg1 Rxf3 24. Qxf3 Re8 25. Bf2 Qd7 26. Kh2 b5 27. axb5 axb5 28. Ra6 Nf7 29. b3 Qb7 30. Ra5 b4 31. Nce4 Bxe4 32. Nxe4 Ra8 33. Rxa8+ Qxa8 34. Qd3 Qd8 35. g4 Qe7 36. Kg2 h5 37. gxh5 gxh5 38. Ng3 Nh6 39. Nxh5 Qf7 40. Nxg7 Kxg7 41. Be3 Nf5 42. Bc1 Ne7 43. Bb2+ Kf8 44. Qe4 Nxd5 45. f5 Nf6 46. Qa8+ Ne8 47. Qf3 Qg8+ 48. Kf2 Qg5 49. Qe3 Qh4+ 50. Ke2 Qh5+ 51. Qf3 Qf7 52. Qe3 Qxf5 53. Qf3 Qxf3+ 54. Kxf3 Kf7 55. Ke4 Ke6 56. Bc1 d5+ 57. Kd3 Nd6 58. Be3 Ne4 59. h4 Kf5 60. h5 Kf6 61. Bf4 Nf2+ 62. Ke3 Ng4+ 63. Kd3 Nf2+ 64. Ke3 Ng4+ 65. Kd3 Ne5+ 66. Kc2 Kf5 67. Be3 Nd7 68. h6 Kg6 69. Kd3 Ne5+ 70. Kc2 c4 71. bxc4 dxc4 72. Bc5 b3+ 73. Kc3 Kxh6 74. Bd4 Nc6 75. Bh8 Kh7 76. Bf6 Kg6 77. Bh8 Kh7 78. Bf6 Kg6 79. Bh8 Na5 80. Kb4 Kf5 1/2-1/2

[Event "WYCC 2018 O18"]
[Site "Halkidiki"]
[Date "2018.10.28"]
[Round "9"]
[White "Rengifo Blancas, Renzo Jhonathan"]
[Black "Le, Minh Hoang"]
[Result "1-0"]
[ECO "B17"]
[WhiteElo "2123"]
[BlackElo "2271"]
[Annotator "NA"]
[PlyCount "75"]
[EventDate "2018.10.20"]
[EventType "swiss"]
[EventCountry "GRE"]
[SourceTitle "playchess.com"]
[Source "ChessBase"]
[SourceQuality "1"]
[TimeControl "40/5400+30:1800+30"]

1. e4 c6 2. d4 d5 3. Nc3 dxe4 4. Nxe4 Nd7 5. Ng5 e6 6. Bd3 Ngf6 7. N1f3 Bd6 8. Qe2 h6 9. Ne4 Nxe4 10. Qxe4 Nf6 11. Qe2 b6 12. Bd2 Bb7 13. Ne5 Qc7 14. f4 O-O-O 15. O-O c5 16. a4 a5 17. c3 Nd5 18. Rac1 f6 19. Ng6 Rhe8 20. b4 e5 21. bxc5 bxc5 22. fxe5 fxe5 23. Bb5 Bc6 24. Rb1 Rd7 25. dxe5 Bxe5 26. Nxe5 Rxe5 27. Rf8+ Rd8 28. Ba6+ Kd7 29. Qg4+ Kd6 30. Rxd8+ Qxd8 31. c4 Nf6 32. Qxg7 Re2 33. Bxa5 Qe7 34. Rd1+ Ke6 35. Bc8+ Nd7 36. Bxd7+ Bxd7 37. Qg4+ Kf6 38. Rf1+ 1-0

[Event "WYCC 2018 O18"]
[Site "Halkidiki"]
[Date "2018.10.28"]
[Round "9"]
[White "Torres Cueto, Jesus Marcial"]
[Black "Banzea, Alexandru-Bogdan"]
[Result "0-1"]
[ECO "E71"]
[WhiteElo "2078"]
[BlackElo "2313"]
[Annotator "NA"]
[PlyCount "70"]
[EventDate "2018.10.20"]
[EventType "swiss"]
[EventCountry "GRE"]
[SourceTitle "playchess.com"]
[Source "ChessBase"]
[SourceQuality "1"]
[TimeControl "40/5400+30:1800+30"]

1. d4 Nf6 2. c4 g6 3. Nc3 Bg7 4. e4 d6 5. h3 O-O 6. Be3 Nbd7 7. Nge2 c5 8. g3 Qa5 9. Qd2 b5 10. cxb5 a6 11. Bg2 axb5 12. O-O b4 13. Nd1 Bb7 $17 14. e5 Ne4 15. Qc2 cxd4 16. Nxd4 Rac8 17. Qb1 Qxe5 18. f4 Qd5 19. Nf2 Ndc5 20. Rd1 f5 21. g4 Qf7 22. Nf3 h6 23. Nxe4 Nxe4 24. Qd3 Bxb2 25. Rab1 Bc3 26. a3 Nc5 27. Bxc5 Be4 28. Qe2 dxc5 29. axb4 Bxb1 30. Rxb1 cxb4 31. g5 h5 32. Ne5 Qe6 33. Qb5 Rfd8 34. Nc6 Rd2 35. Nxb4 Rxg2+ 0-1

[Event "WYCC 2018 O18"]
[Site "Halkidiki"]
[Date "2018.10.28"]
[Round "9"]
[White "Polyakov, Fedor"]
[Black "Carnicelli, Valerio"]
[Result "0-1"]
[ECO "A57"]
[WhiteElo "2036"]
[BlackElo "2299"]
[Annotator "NA"]
[PlyCount "64"]
[EventDate "2018.10.20"]
[EventType "swiss"]
[EventCountry "GRE"]
[SourceTitle "playchess.com"]
[Source "ChessBase"]
[SourceQuality "1"]
[TimeControl "40/5400+30:1800+30"]

1. d4 Nf6 2. c4 c5 3. d5 b5 4. cxb5 a6 5. b6 d6 6. Nc3 Nbd7 7. e4 g6 8. a4 Qxb6 9. Nf3 Bg7 10. Nd2 O-O 11. Nc4 Qd8 12. a5 Rb8 13. f4 Ne8 14. Be2 Nc7 15. Na4 Nb5 16. Nab6 Nxb6 $15 17. Nxb6 Nd4 18. O-O f5 19. exf5 Nxf5 20. Qd3 Bb7 21. Bg4 Bd4+ 22. Kh1 e6 23. dxe6 Bc6 24. Qb3 d5 25. Bxf5 Rxf5 26. Re1 Qh4 27. Be3 Rh5 28. h3 Qg3 29. Rad1 c4 30. Qa3 Bxe3 31. Rxe3 Rxh3+ 32. Kg1 Qxe3+ 0-1

[Event "WYCC 2018 O18"]
[Site "Halkidiki"]
[Date "2018.10.28"]
[Round "9"]
[White "Zhu, Brandon"]
[Black "Tifferet, Shaked"]
[Result "1/2-1/2"]
[ECO "C83"]
[WhiteElo "1914"]
[BlackElo "2254"]
[Annotator "NA"]
[PlyCount "88"]
[EventDate "2018.10.20"]
[EventType "swiss"]
[EventCountry "GRE"]
[SourceTitle "playchess.com"]
[Source "ChessBase"]
[SourceQuality "1"]
[TimeControl "40/5400+30:1800+30"]

1. e4 e5 2. Nf3 Nc6 3. Bb5 a6 4. Ba4 Nf6 5. O-O Nxe4 6. d4 b5 7. Bb3 d5 8. dxe5 Be6 9. c3 Be7 10. Nbd2 O-O 11. Bc2 f5 12. exf6 Nxf6 13. Nb3 Bg4 14. Qd3 Qd7 15. Nbd4 Nxd4 16. cxd4 Bxf3 17. Qxf3 Bd6 18. g3 g6 19. Qg2 Rae8 20. Bh6 Rf7 21. Rae1 c6 22. Rxe8+ Qxe8 23. f3 Bf8 24. Bxf8 Qxf8 25. Re1 Qb4 26. Qf2 Qxb2 27. Re6 Qc3 28. Kg2 Kg7 29. h4 a5 30. Kh3 a4 31. Qe2 Qa1 32. Rxf6 Rxf6 33. Qe7+ Rf7 34. Qe5+ Kf8 35. Qb8+ Ke7 36. Qc7+ Kf8 37. Qb8+ Kg7 38. Qe5+ Kg8 39. Qe8+ Rf8 40. Qe6+ Kg7 41. Qe7+ Rf7 42. Qe5+ Kf8 43. Qb8+ Ke7 44. Qc7+ Kf8 1/2-1/2

[Event "WYCC 2018 O18"]
[Site "Halkidiki"]
[Date "2018.10.29"]
[Round "10"]
[White "Moroni, Luca Jr"]
[Black "Pantzar, Milton"]
[Result "1-0"]
[ECO "A45"]
[WhiteElo "2554"]
[BlackElo "2326"]
[Annotator "ChessBase"]
[PlyCount "103"]
[EventDate "2018.10.20"]
[EventType "swiss"]
[EventCountry "GRE"]
[SourceTitle "playchess.com"]
[Source "ChessBase"]
[SourceQuality "1"]
[TimeControl "40/5400+30:1800+30"]

1. d4 Nf6 2. Bf4 d5 3. e3 e6 4. Nf3 c5 5. Nbd2 Nc6 6. c3 cxd4 7. exd4 Nh5 8. Be3 Bd6 9. Ne5 g6 10. g4 Ng7 11. h4 f6 12. Nxc6 bxc6 13. h5 gxh5 14. Bd3 Qe7 15. gxh5 e5 16. Qa4 Bd7 17. O-O-O e4 18. Be2 Ne6 19. Bg4 Nf4 20. Bxf4 Bxf4 21. Bxd7+ Qxd7 22. Kb1 Bxd2 23. Rxd2 Kf7 24. Rc2 Rab8 25. c4 Rb7 26. Rhc1 Rhb8 27. cxd5 cxd5 28. Qa5 Qb5 29. Qd2 Qd3 30. Qxd3 exd3 31. Rc7+ Ke6 32. Rxb7 Rxb7 33. Rd1 Kf5 34. Rxd3 Ke4 35. Rg3 Kxd4 36. h6 f5 37. Rg7 Rb6 38. Rxh7 Kd3 39. a4 a6 40. a5 Rd6 41. Rh8 d4 42. h7 Rd7 43. Ra8 Rxh7 44. Rxa6 Kc4 45. Rc6+ Kb5 46. Rd6 Kxa5 47. Rxd4 Kb6 48. Rd5 f4 49. Rd4 Rf7 50. Kc2 Kc5 51. Kd3 f3 52. b4+ {[%emt 0:00:52] Kd5 Ke4+} 1-0

[Event "WYCC 2018 O18"]
[Site "Halkidiki"]
[Date "2018.10.29"]
[Round "10"]
[White "Gholami, Aryan"]
[Black "Hakobyan, Aram"]
[Result "1/2-1/2"]
[ECO "A05"]
[WhiteElo "2493"]
[BlackElo "2565"]
[Annotator "ChessBase"]
[PlyCount "93"]
[EventDate "2018.10.20"]
[EventType "swiss"]
[EventCountry "GRE"]
[SourceTitle "playchess.com"]
[Source "ChessBase"]
[SourceQuality "1"]
[TimeControl "40/5400+30:1800+30"]

1. Nf3 Nf6 2. g3 g6 3. b3 Bg7 4. Bb2 c5 5. c4 b6 6. Bg2 Bb7 7. O-O O-O 8. d4 cxd4 9. Qxd4 d6 10. Rd1 Nbd7 11. Nc3 Rc8 12. Rac1 Rc5 13. Qd2 Qa8 14. Ne1 Bxg2 15. Nxg2 Rfc8 16. Ne3 Bh6 17. f4 e6 18. Ba3 Rh5 19. Bxd6 Nc5 20. Bxc5 Rhxc5 21. Nf1 a6 22. a4 R5c7 23. e3 Nd7 24. Qg2 Qxg2+ 25. Kxg2 Nc5 26. Nd2 f5 27. b4 Nd3 28. Rb1 Bg7 29. Ne2 Nb2 30. Rdc1 Nxc4 31. Nxc4 Rxc4 32. Rxc4 Rxc4 33. Rc1 Rxb4 34. Rc8+ Kf7 35. Rc7+ Kf8 36. Rc8+ Ke7 37. Rc7+ Kf6 38. Nd4 Rb2+ 39. Kf1 Bf8 40. Rxh7 e5 41. Nf3 exf4 42. exf4 Bg7 43. Ng5 Rb4 44. Ne6 Rxa4 45. Nxg7 Re4 46. Nh5+ gxh5 47. Rh6+ {[%emt 0:01:09] Ke5} 1/2-1/2